 Dungeon Crawl Stone Soup version 0.25.1-2-g60ff931df9 (webtiles) character file.

Game seed: 17207015439101947545

44 funkygono the Skirmisher (level 3, -1/29 HPs)
             Began as a Demonspawn Abyssal Knight on Aug 7, 2020.
             Was a Follower of Lugonu.
             Slain by Natasha (3 damage)
             ... on level 2 of the Dungeon.
             The game lasted 00:02:01 (1142 turns).

funkygono the Skirmisher (DsAK)                     Turns: 1142, Time: 00:02:02

Health: -1/29      AC:  6    Str: 13    XL:     3   Next: 41%
Magic:  5/5        EV:  9    Int: 13    God:    Lugonu [*.....]
Gold:   35         SH:  0    Dex: 12    Spells: 2/2 levels left

rFire    . . .     SeeInvis .   a - +1 mace
rCold    . . .     Gourm    .   (no shield)
rNeg     . . .     Faith    .   e - +0 scale mail
rPois    .         Spirit   .   (no helmet)
rElec    .         Reflect  .   (no cloak)
rCorr    .         Harm     .   (no gloves)
MR       .....                  (no boots)
Stlth    ..........             (no amulet)
HPRegen  0.09/turn              (no ring)
MPRegen  0.09/turn              (no ring)

@: slowed, very slow
A: powered by pain 2
a: Depart the Abyss, Renounce Religion


You were on level 2 of the Dungeon.
You worshipped Lugonu.
Lugonu was aware of your devotion.
You were not hungry.

You visited 1 branch of the dungeon, and saw 2 of its levels.
You visited the Abyss 1 time.

You collected 35 gold pieces.

Inventory:

Hand Weapons
 a - a +1 mace (weapon)
Missiles
 g - 30 stones (quivered)
 i - 14 javelins
Armour
 b - a +0 leather armour
 e - a +0 scale mail (worn)
 f - a +0 cloak
Scrolls
 h - a scroll of identify
 k - 2 scrolls of remove curse
Potions
 d - a potion of curing {unknown}
Comestibles
 c - 2 rations


   Skills:
 + Level 3.2 Fighting
 + Level 2.1 Maces & Flails
 + Level 2.5 Armour
 + Level 1.6 Dodging
 + Level 2.8 Invocations


You had 2 spell levels left.
You didn't know any spells.
Your spell library was empty.

Dungeon Overview and Level Annotations

Branches:
Dungeon (2/15)

Altars:

Annotations:
D:2 Natasha


Innate Abilities, Weirdness & Mutations

You sometimes gain power by taking damage.


Message History

The crimson imp hits you but does no damage.
You barely miss Natasha.
Natasha is almost dead.
The crimson imp disappears in a puff of smoke!
The bat hits you. The crimson imp barely misses you.
The shadow imp completely misses you. Natasha barely misses you.
The crimson imp blinks!
The shadow imp completely misses you. Natasha claws you.
You closely miss Natasha.
Natasha is almost dead.
The bat completely misses you. The shadow imp gestures at you.
Pain shoots through your body!
Natasha stares at you and mumbles some strange words.
The magic dart hits you.
* * * LOW HITPOINT WARNING * * *
The shadow imp hits you.
* * * LOW HITPOINT WARNING * * *
Natasha claws you.
You die...

##############(
#.............. #
#........# ###
#.##........# ..
......b....# ####.##
#..§§....# #.....#
#..h.5...#
#.....######..§@5...#
#.......÷...........#
#....<####........###
#.......##.####.....#
###.....##.# #.....#
##....##.# #.......
#.#.###.# #.....###
#. .# #.# #.....# #.
.# #.. ..#....


You could see Natasha, a crimson imp (summoned), a shadow imp (summoned) and a
bat.

Vanquished Creatures
  Natasha (D:2)
  A dart slug (D:2)
  5 bats
  A giant cockroach (D:1)
  A goblin (D:1)
  A hobgoblin (D:1)
  A frilled lizard (D:1)
  4 kobolds
  3 rats
18 creatures vanquished.

Notes
Turn   | Place    | Note
-------+----------+-------------------------------------------
     0 | Abyss:1  | funkygono the Demonspawn Abyssal Knight began the quest for
                  | the Orb.
     0 | Abyss:1  | Reached XP level 1. HP: 18/18 MP: 2/2
    21 | D:1      | Escaped the Abyss
   551 | D:1      | Gained mutation: You sometimes gain a little power by
                  | taking damage. [demonic ancestry]
   551 | D:1      | Reached XP level 2. HP: 23/24 MP: 3/3
  1061 | D:2      | Noticed Natasha
  1072 | D:2      | Noticed a crimson imp
  1078 | D:2      | Killed Natasha
  1078 | D:2      | Reached skill level 1 in Dodging
  1078 | D:2      | Gained mutation: You sometimes gain power by taking damage.
                  | [demonic ancestry]
  1078 | D:2      | Reached XP level 3. HP: 26/29 MP: 5/5
  1103 | D:2      | Noticed Natasha
  1142 | D:2      | Slain by Natasha

Illustrated notes

Levels and vault maps discovered:
D:1:      arrival_zaba_pyramid, layout_loops_ring
D:2:      layout_loops_ring, nicolae_overflow_hidden_temple,
          chequers_ecumenical_altar_island, dk_yredelemnul_ordeal, uniq_natasha,
          uniq_sigmund

Skill      XL: |  1  2 |
---------------+-------+-----
Maces & Flails | 2 |  2.1
Armour         | 2 |  2.5
Dodging        | 1 |  1.6
Fighting       | |  3.2
Invocations    | |  2.8

Action                   || total
-------------------------++-------
Melee: Mace              ||    68
  Use: Scroll            ||     3
  Eat: Chunk             ||     1
Armor: Leather armour    ||    18
       Scale mail        ||    26
Dodge: Dodged            ||    70
